 Dungeon Crawl Stone Soup version 0.19.1-1-g22dce08 (webtiles) character file.

83 Peloso the Slasher (level 4, 0/37 HPs)
             Began as a Ghoul Gladiator on Dec 31, 2016.
             Slain by an adder (2 damage)
             ... on level 3 of the Dungeon.
             The game lasted 00:04:17 (1850 turns).

Peloso the Slasher (Ghoul Gladiator)                Turns: 1850, Time: 00:04:17

Health: 0/37       AC:  5    Str: 18    XL:     4   Next: 44%
Magic:  3/3        EV: 12    Int:  3    God:
Gold:   82         SH:  0    Dex: 10    Spells: 0 memorised, 3 levels left

rFire  . . .     SeeInvis .     a - +1 long sword
rCold  + . .     Gourm    .     b - +0 leather armour
rNeg   + + +     Faith    .     (no shield)
rPois  ∞         Spirit   .     c - +0 helmet
rElec  .         Reflect  .     (no cloak)
rCorr  .         Harm     .     l - +0 pair of gloves
MR     .....                    (no boots)
Stlth  +.........               r - amulet of inaccuracy (curse)
                                (no ring)
                                (no ring)

@: rotting
A: rotting body, claws 1, carnivore 3, cold resistance 1, negative energy
resistance 3, slow regeneration 1, torment resistance, unbreathing
a: no special abilities


You were on level 3 of the Dungeon.
You were not hungry.

You visited 1 branch of the dungeon, and saw 3 of its levels.

You collected 82 gold pieces.

Inventory:

Hand Weapons
 a - a +1 long sword (weapon)
Missiles
 d - 3 throwing nets (quivered)
Armour
 b - a +0 leather armour (worn)
 c - a +0 helmet (worn)
 l - a +0 pair of gloves (worn)
Jewellery
 r - a cursed amulet of inaccuracy (around neck)
Scrolls
 g - a scroll of enchant weapon
 i - a scroll of fear
 j - 4 scrolls of identify
 m - a scroll of fog
Potions
 e - a potion of haste
 n - a potion of mutation
Comestibles
 f - a meat ration


   Skills:
 + Level 2.9 Fighting
 + Level 3.7 Long Blades
 + Level 1.7 Throwing
 + Level 1.0 Armour
 + Level 3.1 Dodging


You had 3 spell levels left.
You didn't know any spells.

Dungeon Overview and Level Annotations

Branches:
Dungeon (3/15)

Altars:
Gozag
Xom


Innate Abilities, Weirdness & Mutations

Your body is rotting away.
You thrive on raw meat.
You are immune to poison.
You have sharp fingernails.
You are carnivorous and can eat meat at any time.
Your flesh is cold resistant. (rC+)
You are immune to negative energy. (rN+++)
You regenerate slowly when monsters are visible.
You are immune to unholy pain and torment.
You can survive without breathing.


Message History

The adder bites you but does no damage.
You miss the adder.
The adder is heavily wounded.
The adder bites you.
* * * LOW HITPOINT WARNING * * *
The adder bites you.
* * * LOW HITPOINT WARNING * * *
You miss the adder.
The adder is heavily wounded.
The adder bites you.
* * * LOW HITPOINT WARNING * * *
You miss the adder.
The adder is heavily wounded.
The adder bites you.
* * * LOW HITPOINT WARNING * * *
The adder closely misses you.
You barely miss the adder.
The adder is heavily wounded.
The adder bites you.
You die...

,,,,,,,,,* ###....###.##.#
********,*
****###..........##.# *,*
#,,,................# *,*
#!***##.........##..#
*,####.#######....##.##..#
*,#.......# #....##.##..#
*,#.......# #....##.##..#
*,#.......####...........#
*,#.....S@...........##.##
*,#.......#.##########..#
*,#.........# *.##
*...........## *,*
*#...........# *,*
#.#######...# *,* **###.#
#...# ******,* **,,.#.#
#...# *,,,,,,* ****,**#..#
#...####.#*****


You could see an adder.

Vanquished Creatures
  2 adders
  An ooze (D:1)
  3 dart slugs
  A leopard gecko (D:1)
  A ball python (D:1)
  5 bats
  5 giant cockroaches
  8 goblins
  6 hobgoblins
  4 jackals (D:3)
  2 frilled lizards (D:1)
  4 kobolds
  8 rats
50 creatures vanquished.

Notes
Turn   | Place    | Note
-------+----------+-------------------------------------------
     0 | D:1      | Peloso the Ghoul Gladiator began the quest for the Orb.
     0 | D:1      | Reached XP level 1. HP: 17/17 MP: 0/0
    59 | D:1      | Reached XP level 2. HP: 15/24 MP: 1/1
   557 | D:1      | Reached XP level 3. HP: 28/30 MP: 2/2
   976 | D:2      | Found an opulent altar of Gozag.
  1310 | D:2      | Reached XP level 4. HP: 36/37 MP: 3/3
  1593 | D:3      | Reached skill level 1 in Armour
  1657 | D:3      | Found a shimmering altar of Xom.
  1850 | D:3      | Slain by an adder

Skill      XL: |  1  2  3  4 |
---------------+-------------+-----
Long Blades    | 3 |  3.7
Dodging        | 3 |  3.1
Armour         | 1 |  1.0
Fighting       | |  2.9
Throwing       | |  1.7

Action                   |  1- 3 |  4- 6 || total
-------------------------+-------+-------++-------
Melee: Long sword        |   114 |    72 ||   186
  Use: Scroll            |     3 |     7 ||    10
  Eat: Chunk             |     6 |     2 ||     8
Armor: Leather armour    |    40 |    29 ||    69
Dodge: Dodged            |    87 |    54 ||   141
       Rpst.: Long sword |    26 |    18 ||    44
